[Event "US Masters"]
[Site "Charlotte USA"]
[Date "2023.11.23"]
[Round "2.5"]
[White "Burke, John M"]
[Black "Plotkin, Mark"]
[Result "1-0"]
[ECO "B06"]
[WhiteElo "2583"]
[BlackElo "2353"]
[PlyCount "63"]
[EventDate "2023.11.24"]
[EventType "swiss"]
[EventRounds "9"]
[EventCountry "USA"]
[Source "ChessMix"]
[SourceDate "2023.12.01"]
[TimeControl "5400+30"]

1. e4 g6 2. d4 Bg7 3. Nc3 d6 4. Be3 a6 5. h4 h5 6. Nh3 b5 7. Ng5 Bb7 8. Qd2 Nf6 9. f3 Nbd7 10. O-O-O e6 11. a3 Qe7 12. f4 Rd8 13. f5 Ng4 14. fxe6 fxe6 15. Bd3 O-O 16. e5 dxe5 17. Bxg6 Ndf6 18. Qe2 Nxe3 19. Qxe3 Rxd4 20. Qxe5 Nd5 21. Qxe6+ Qxe6 22. Nxe6 Rxd1+ 23. Rxd1 Bh6+ 24. Kb1 Ne3 25. Rd7 Rf6 26. Bxh5 Bxg2 27. Rxc7 Rf1+ 28. Ka2 Nxc2 29. Bg6 Ne3 30. Bh7+ Kh8 31. Bd3 Rf6 32. Rc8+ 1-0